[Event "98th Caplin Hastings Masters 2024-25"]
[Site "Hastings"]
[Date "2024.12.31"]
[Round "6.7"]
[White "Adams, Henry"]
[Black "Kovchan, Alexander"]
[Result "0-1"]
[ECO "D73"]
[WhiteElo "1991"]
[BlackElo "2455"]
[Annotator "ChessBase"]
[PlyCount "78"]
[EventDate "2024.12.23"]
[EventType "swiss"]
[EventCountry "ENG"]
[SourceTitle "playchess.com"]
[Source "ChessBase"]
[SourceQuality "1"]
[TimeControl "5400+30"]

1. d4 Nf6 2. Nf3 g6 3. g3 d5 4. Bg2 c6 5. O-O Bg7 6. c4 dxc4 7. Ne5 Ng4 8. Nxg4 Bxg4 9. d5 cxd5 10. Bxd5 Bxe2 11. Bxf7+ Kxf7 12. Qxe2 Qd3 13. Qg4 Nc6 14. Rd1 Ne5 15. Rxd3 Nxg4 16. Rf3+ Bf6 17. Bf4 Kg7 18. Nc3 g5 19. h3 gxf4 20. hxg4 fxg3 21. Rxg3 Rhf8 22. Re3 Rad8 23. Rae1 Bh4 24. R1e2 Rd3 25. Re4 Rdf3 26. Rxc4 Bxf2+ 27. Kg2 Bh4 28. Ne4 b6 29. Rc7 a5 30. g5 R3f7 31. Kh3 Rf3+ 32. Kg2 R3f5 33. Rxe7+ Kh8 34. Nd6 Rxg5+ 35. Kh3 Rh5 36. Nf7+ Kg8 37. Kg4 Bxe7 38. Rxe7 Rxf7 39. Re8+ Rf8 0-1

[Event "98th Caplin Hastings Masters 2024-25"]
[Site "Hastings"]
[Date "2024.12.31"]
[Round "6.8"]
[White "Samarasinghe Jude, Ranga"]
[Black "Gormally, Daniel W"]
[Result "1/2-1/2"]
[ECO "B87"]
[WhiteElo "1944"]
[BlackElo "2424"]
[Annotator "TA"]
[PlyCount "76"]
[EventDate "2024.12.23"]
[EventType "swiss"]
[EventCountry "ENG"]
[SourceTitle "playchess.com"]
[Source "ChessBase"]
[SourceQuality "1"]
[TimeControl "5400+30"]

1. e4 c5 2. Nf3 d6 3. d4 cxd4 4. Nxd4 Nf6 5. Nc3 a6 6. Bc4 e6 7. Bb3 b5 8. f3 Nbd7 9. g4 Nc5 10. Bg5 Bb7 11. h4 {[%emt 0:04:15] Black is slightly better.} h6 12. Be3 e5 (12... Rc8 $15) 13. Nf5 $11 Nxb3 14. axb3 g6 15. Nxh6 d5 $1 $36 {[%emt 0:07:00][%mdl 2048] Black is really pushing.} (15... Bxh6 16. g5 $11) (15... Rxh6 $2 16. Bxh6 (16. g5 b4 $11) 16... Bxh6 17. g5 $18) 16. exd5 {[%emt 0:02:02] [#]} b4 $1 (16... Bxh6 17. Bxh6 Nxd5 (17... Rxh6 18. g5 $11) 18. Nxd5 Qxd5 19. Qxd5 Bxd5 20. Bg7 $14) 17. Ne4 Nxe4 (17... Rxh6 $2 18. Nxf6+ (18. Bg5 Bg7 $18) 18... Qxf6 19. g5 $18) 18. Nxf7 Rxh4 (18... Kxf7 19. fxe4 Be7 20. Qf3+ Kg7 21. h5 Bh4+ 22. Kd1 $15) 19. Rf1 Kxf7 20. fxe4+ Kg8 21. Qf3 {[%emt 0:00:16] Inhibits Rh3.} Qd7 {[%emt 0:01:51][%cal Of8g7] Inhibits Qf7+.} 22. Bg5 Rxg4 23. Qe3 (23. Bd2) 23... Rc8 $19 24. O-O-O {[%emt 0:03:03] [#]} Rg2 $1 25. Rd2 Bc5 26. Rxg2 Bxe3+ 27. Bxe3 Kg7 {[%emt 0:07:54] Hoping for ...Qh3.} 28. Bg5 Rf8 29. Bh6+ Kxh6 30. Rxf8 Qe7 $2 ({Black should try} 30... Kg7 $19 31. Rf3 Qe7) 31. Rh8+ $11 {[%emt 0:00:57] The position is equal.} Kg7 32. Rgh2 {[%emt 0:00:03] The board is on fire.} Qc5 {[%emt 0:02:38] Strongly threatening ...Qg1+.} 33. R2h7+ Kf6 {[%emt 0:00:07] ...Qg1+ is the strong threat.} 34. Rxb7 {[%emt 0:00:10] Black must now prevent Kb1.} Qg1+ 35. Kd2 Qd4+ (35... Qf2+ 36. Kd1 Qf3+ 37. Kc1 Qf1+ 38. Kd2 Qf4+ 39. Kd1 Qf3+ (39... Qxe4 40. Rf8+ Kg5 41. Rbf7 $11) 40. Kd2 (40. Kc1 Qf1+ 41. Kd2 Qf4+ 42. Kd1 Qxe4 $11) 40... Qf4+ 41. Kd3 Qf3+ 42. Kc4 Qxe4+ 43. Kc5) 36. Kc1 {[%emt 0:00:35] Threatens to win with Kb1.} Qg1+ 37. Kd2 Qf2+ 38. Kd1 {[%emt 0:00:32] Rf8+ would kill now.} Qf1+ {[%emt 0:14:30] Black had all chances to win.   Weighted Error Value: White=0.25 (precise) /Black=0.20 (precise) .  Missed win:     	---       	Black=1      Mistake:       	White=4     	Black=1      Inaccurate:     	White=1     	---        OK:         	White=9     	Black=11     Best:        	White=6     	Black=6      Strong:       	---       	Black=3} 1/2-1/2

[Event "98th Caplin Hastings Masters 2024-25"]
[Site "Hastings"]
[Date "2024.12.31"]
[Round "6.9"]
[White "Balaji, Aaravamudhan"]
[Black "Gu In-Jung"]
[Result "1-0"]
[ECO "D35"]
[WhiteElo "2364"]
[BlackElo "1987"]
[Annotator "TA"]
[PlyCount "65"]
[EventDate "2024.12.23"]
[EventType "swiss"]
[EventCountry "ENG"]
[SourceTitle "playchess.com"]
[Source "ChessBase"]
[SourceQuality "1"]
[TimeControl "5400+30"]

1. d4 d5 2. c4 e6 3. Nc3 Nf6 4. cxd5 exd5 5. Bg5 Be7 6. e3 h6 7. Bh4 Bg4 8. Qc2 O-O 9. h3 Be6 {[%emt 0:00:04] The position is equal.} 10. Bd3 Nbd7 11. Nge2 Ne8 12. Bxe7 Qxe7 13. O-O Nd6 14. Nf4 c6 15. Rae1 Qf6 16. f3 Rfe8 17. Qf2 Nf8 18. g4 g6 {[%emt 0:17:06] Prevents Nh5.} 19. Kg2 b5 20. Nce2 {[%emt 0:03:27][%cal Bc3e2,Be2g3,Bg3h1][%mdl 32] aiming for e4.} Bd7 21. Ng3 Ne6 22. Nxe6 Qxe6 {[%emt 0:03:55] [#] Black cannot hold the game after this.} ({Black should try} 22... Rxe6 $14 23. e4 dxe4 24. fxe4 Qxf2+ 25. Rxf2 Rd8) 23. e4 $18 h5 24. e5 (24. gxh5 Qxh3+ 25. Kg1 gxh5 $11) 24... Nc8 $2 (24... h4 25. Nh1 (25. exd6 hxg3 26. Qxg3 Qf6 $18) 25... c5 26. exd6 Qxd6 27. dxc5 (27. Qxh4 c4 $18) 27... Qf6 28. Rxe8+ Rxe8) 25. f4 ({Not} 25. gxh5 Qxh3+ 26. Kg1 Ne7 $16) 25... h4 26. Nh1 {[%emt 0:02:04][%cal Of4f5] [#] Black must now prevent f5!} Qe7 27. f5 g5 28. e6 fxe6 (28... f6 $142 29. exd7 Qxd7 30. Rxe8+ Qxe8) 29. f6 Qf7 30. Qd2 {[%emt 0:00:20] White mates.} Kf8 31. Qxg5 Qg8 32. Qh6+ Kf7 33. Qh5+ {[%emt 0:00:13] Weighted Error Value: White=0.24 (precise) /Black=0.40.  Loses game:     	---       	Black=1      Mistake:       	---       	Black=2      Inaccurate:     	White=2     	Black=4      OK:         	White=6     	Black=5      Best:        	White=2     	---} 1-0

[Event "98th Caplin Hastings Masters 2024-25"]
[Site "Hastings"]
[Date "2024.12.31"]
[Round "6.10"]
[White "Bilandzic, Ante"]
[Black "Waldhausen Gordon, Frederick"]
[Result "0-1"]
[ECO "A48"]
[WhiteElo "1912"]
[BlackElo "2355"]
[Annotator "TA"]
[PlyCount "92"]
[EventDate "2024.12.23"]
[EventType "swiss"]
[EventCountry "ENG"]
[SourceTitle "playchess.com"]
[Source "ChessBase"]
[SourceQuality "1"]
[TimeControl "5400+30"]

1. d4 Nf6 2. Nf3 g6 3. Bf4 Bg7 4. e3 d6 5. h3 O-O 6. Nbd2 Nbd7 7. Be2 b6 8. O-O Bb7 9. c3 Re8 10. Bh2 e5 11. Rc1 Qe7 12. Qc2 Rac8 13. Rfd1 e4 14. Ne1 $1 d5 15. b4 a6 16. Qb3 b5 17. a4 c6 18. a5 h6 19. Qb2 Nh7 20. Nb3 f5 21. Nc5 Nxc5 22. dxc5 Ng5 23. Nc2 Ne6 24. Nd4 Nxd4 25. cxd4 Rcd8 26. Kh1 Kh7 27. Rg1 Bc8 28. g4 $2 (28. Bd6 $14 {keeps the upper hand.} Qh4 29. Bg3) 28... Qh4 $17 29. Rg3 {[%emt 0:01:02] [#]} Rf8 $1 {[%emt 0:03:01] Black is more active.} 30. gxf5 Bxf5 31. Bg4 (31. Bf1 $17 {is a better defense.}) 31... Bxg4 $19 32. hxg4 Rf3 33. Rxf3 exf3 34. Rg1 Re8 35. Rg3 Re4 36. Rxf3 (36. Qd2 {was the only chance.} Rxg4 37. Rxf3) 36... Qxg4 ({Weaker is} 36... Rxg4 37. Qe2 $19) 37. Rf4 {[%emt 0:09:39] [#]} Bxd4 $1 38. Qxd4 (38. Rxg4 Bxb2) 38... Rxd4 39. Rxd4 {[%emt 0:00:05][%mdl 4096] Endgame KQ-KRB} Qf3+ 40. Kg1 g5 {[%emt 0:00:05] Prevents Rf4.} 41. e4 dxe4 42. Rd7+ Kg6 {[%emt 0:00:05] ( -> ...Qg4+)} 43. Rd6+ Kh5 {[%emt 0:00:11] ...e3 is the strong threat.} 44. Be5 e3 45. Bg7 Qxf2+ 46. Kh1 e2 0-1

[Event "98th Caplin Hastings Masters 2024-25"]
[Site "Hastings"]
[Date "2024.12.31"]
[Round "6.11"]
[White "Briem, Benedikt"]
[Black "Boyer, Mahel"]
[Result "1-0"]
[ECO "A42"]
[WhiteElo "2132"]
[BlackElo "2526"]
[Annotator "TA"]
[PlyCount "73"]
[EventDate "2024.12.23"]
[EventType "swiss"]
[EventCountry "ENG"]
[SourceTitle "playchess.com"]
[Source "ChessBase"]
[SourceQuality "1"]
[TimeControl "5400+30"]

1. d4 g6 2. c4 Bg7 3. Nf3 d6 4. e4 e5 5. Be2 exd4 6. Nxd4 Nc6 7. Be3 Nge7 8. Nc3 O-O 9. Qd2 f5 10. exf5 Nxf5 11. Nxf5 Bxf5 12. Nd5 Qd7 {[%emt 0:03:22] White is slightly better.} 13. O-O Rae8 14. Rad1 Nd8 15. Nf4 (15. Bxa7 b6 16. Bf3 Be6 $15 (16... Nc6 17. Bxb6 Rb8 18. Bxc7 $16)) 15... Nf7 16. c5 (16. Bxa7 $2 b6 17. Bf3 Qa4 18. Bxb6 (18. g4 $2 Be4 $19) 18... cxb6 $19) 16... b6 17. b4 bxc5 18. bxc5 Rb8 ({Black should play} 18... Be5) 19. Bc4 $16 Rb2 20. Qa5 Kh8 21. Qxa7 (21. Bb3 $1 $18 {has better winning chances.}) 21... Ne5 22. Bb3 (22. Bd5 $1 $16) 22... Be4 $2 (22... g5 $11 {and Black stays safe.} 23. Nh5 Bg4) 23. Be6 (23. cxd6 $142 Bxg2 24. Be6 (24. Kxg2 Qg4+ 25. Kh1 cxd6 $18) (24. Nxg2 $2 Nf3+ 25. Kh1 Qh3 $19)) 23... Qd8 24. Bd5 (24. Bh3 $18 {Threatens to win with Ne6.} Rb7 25. Qa6) 24... Bxd5 25. Nxd5 Qh4 26. h3 {[%emt 0:02:03] Against Ng4} (26. Nxc7 $2 Ng4 27. h3 (27. cxd6 $2 Qxh2#) 27... Nxf2 28. Bxf2 Rbxf2 $19) 26... c6 (26... Nf3+ $16 27. Kh1 (27. gxf3 Be5 $14) 27... Qe4) 27. Nc7 $1 $18 Nf3+ {[%emt 0:07:18] [#]} (27... Qc4 {might work better.} 28. cxd6 (28. Rxd6 Qf7 $16) 28... Rxa2) 28. Kh1 $1 (28. gxf3 Qxh3 29. Rxd6 (29. cxd6 $2 Rxf3 30. Qa8+ Bf8 $19) 29... Rb4 $11 (29... Be5 30. f4 $11)) 28... Qe4 {[%emt 0:00:11] Repels Ne6} 29. cxd6 (29. gxf3 Rxf3 30. Qa8+ Bf8 (30... Rf8+ $2 31. Kg1 $19) 31. Bd4+ Kg8) 29... Nh4 30. Rg1 Rf3 $2 (30... Nxg2 31. Rxg2 Qf3) 31. Qa8+ (31. gxf3 Qxf3+ 32. Kh2 Be5+) 31... Bf8 32. Qc8 (32. gxf3 Qxf3+ 33. Kh2 Rxf2+ 34. Bxf2 Qxf2+ 35. Kh1 Qf3+ 36. Kh2 Qe2+ (36... Qf2+ 37. Kh1 $11) 37. Kh1 (37. Kg3 $2 Nf5+ 38. Kf4 Qe3+ 39. Kg4 h5#) 37... Qe4+ (37... Qf3+ 38. Kh2 $11) 38. Kh2 Qe2+ 39. Kh1 (39. Kg3 $2 Nf5+ 40. Kf4 Qe3+ 41. Kg4 h5#) 39... Qf3+ 40. Kh2 Qe2+ $11 (40... Qf2+ 41. Kh1 $11)) 32... Rfxf2 33. Bxf2 Rxf2 34. Qg4 Rf4 35. Qe6 {[%emt 0:00:00] d7 would now be deadly.} Qb4 36. d7 Be7 {[%emt 0:00:24] [#]} 37. Qxe7 {[%emt 0:00:00] Weighted Error Value: White=0.32/Black=0.96.  Loses game:     	---       	Black=1      Mistake:       	White=4     	Black=4      Inaccurate:     	White=1     	Black=1      OK:         	White=8     	Black=6      Best:        	White=1     	Black=1      Strong:       	White=2     	---} 1-0

[Event "98th Caplin Hastings Masters 2024-25"]
[Site "Hastings"]
[Date "2024.12.31"]
[Round "6.12"]
[White "Gasanov, Eldar"]
[Black "Wall, Tim P"]
[Result "1/2-1/2"]
[ECO "E10"]
[WhiteElo "2476"]
[BlackElo "2173"]
[Annotator "TA"]
[PlyCount "57"]
[EventDate "2024.12.23"]
[EventType "swiss"]
[EventCountry "ENG"]
[SourceTitle "playchess.com"]
[Source "ChessBase"]
[SourceQuality "1"]
[TimeControl "5400+30"]

1. d4 Nf6 2. c4 c5 3. d5 b5 4. Nf3 e6 5. dxe6 fxe6 6. cxb5 d5 7. Nc3 Nbd7 8. g3 (8. e4 $1 $16) 8... Bd6 (8... d4 $11) 9. Bg2 Bb7 10. O-O O-O 11. Ng5 Qe7 12. b3 h6 13. Nh3 Rad8 14. a4 (14. Bf4 $14) 14... Qf7 15. a5 ({White should play} 15. f3 $14) 15... Be5 $15 16. Bb2 Ng4 (16... d4 $1 $15 17. Nb1 (17. Bxb7 $2 dxc3 18. Ba3 Nb8 $19) 17... Bxg2 18. Kxg2 Ng4) 17. e3 $2 {[%emt 0:06:07] [#]} (17. Na4 $14 {stays ahead.}) 17... Ndf6 $2 (17... Qh5 $1 $19 {[%cal Od5d4] aiming for ...d4!.} 18. Ra4 d4) 18. Na4 $14 Bxb2 19. Nxb2 e5 20. Nd3 (20. b6 {seems wilder.} d4 21. Bxb7 Qxb7 22. Nc4) 20... Qe7 (20... d4 $11 21. e4 (21. Nxc5 $2 {too greedy.} Bxg2 22. Kxg2 Qd5+ 23. Qf3 Qxc5 $19) 21... Qh5) 21. Qc2 $16 Rc8 22. Rac1 c4 23. bxc4 dxc4 24. Ne1 Bxg2 25. Nxg2 {[%emt 0:00:18] Hoping for f3.} e4 26. f3 (26. Nh4 $11 {remains equal.} Qc5 27. Nf4) 26... exf3 $17 27. Rxf3 Ne5 28. Rff1 Qb7 {[%emt 0:01:58][%mdl 1024] Black has strong compensation.} 29. Qa4 (29. Nh4 $17) 1/2-1/2

[Event "98th Caplin Hastings Masters 2024-25"]
[Site "Hastings"]
[Date "2024.12.31"]
[Round "6.13"]
[White "White, Stuart A"]
[Black "Grutter, Tim"]
[Result "0-1"]
[ECO "E62"]
[WhiteElo "2017"]
[BlackElo "2379"]
[Annotator "TA"]
[PlyCount "60"]
[EventDate "2024.12.23"]
[EventType "swiss"]
[EventCountry "ENG"]
[SourceTitle "playchess.com"]
[Source "ChessBase"]
[SourceQuality "1"]
[TimeControl "5400+30"]

1. c4 Nf6 2. g3 g6 3. Bg2 Bg7 4. Nc3 O-O 5. d4 d6 6. h3 e5 7. Nf3 Nc6 8. Be3 Nd7 9. O-O h6 10. Qd2 Kh7 11. Rfd1 f5 12. Rac1 e4 13. Ne1 Nf6 14. f4 (14. Nc2 $11 {is more appropriate.}) 14... exf3 15. Bxf3 {[%emt 0:00:00] [#]} (15. Nxf3 $11 Re8 16. Bf2) 15... f4 $1 $17 16. Bxf4 (16. gxf4 Bxh3) 16... Bxh3 17. Nc2 Qd7 18. Ne4 Rae8 19. Nf2 Bf5 {[%emt 0:00:56] Repels Qd3} 20. d5 Ne5 {[%emt 0:02:33] Black is more active.} 21. Nd4 Nxf3+ 22. exf3 Nh5 {[%emt 0:00:56] Threatens to win with ...g5.} 23. Ne2 $2 (23. Kg2 $17 {is more resistant.}) 23... g5 $19 24. g4 Rxe2 ({Weaker is} 24... Nxf4 25. Nxf4 Bxg4 26. c5 $19) 25. Qxe2 Nxf4 26. Qe3 (26. Qd2 $142 Bg6 27. Re1) 26... Re8 27. Ne4 Bxe4 28. fxe4 Qxg4+ 29. Kf1 Qg2+ 30. Ke1 Rxe4 0-1

[Event "98th Caplin Hastings Masters 2024-25"]
[Site "Hastings"]
[Date "2024.12.31"]
[Round "6.14"]
[White "Malinovskii, Ilia"]
[Black "Roux, Baptiste"]
[Result "1/2-1/2"]
[ECO "B22"]
[WhiteElo "2003"]
[BlackElo "2338"]
[Annotator "TA"]
[PlyCount "223"]
[EventDate "2024.12.23"]
[EventType "swiss"]
[EventCountry "ENG"]
[SourceTitle "playchess.com"]
[Source "ChessBase"]
[SourceQuality "1"]
[TimeControl "5400+30"]

1. e4 c5 2. c3 Nf6 3. e5 Nd5 4. Nf3 e6 5. d4 cxd4 6. cxd4 b6 7. Nc3 Nxc3 8. bxc3 Qc7 9. Bd2 d6 10. Bd3 Nd7 (10... Bb7 $142 $1) 11. O-O Be7 12. Qe2 Bb7 13. Bf4 O-O 14. Rfc1 dxe5 15. Nxe5 {[%emt 0:03:46][%cal Od3h7] Bxh7+! would now be deadly.} Bd6 16. Nxd7 Qxd7 (16... Bxf4 $5 17. Nxf8 Bxc1 18. Rxc1 (18. Nxh7 $2 Qxc3 19. Rb1 Rd8 $19) (18. Bxh7+ Kxf8 19. Rxc1 g6 $17) 18... Rxf8 $11) 17. Bxd6 Qxd6 18. f3 Rac8 19. Be4 (19. a4 $15) 19... Bd5 (19... Bxe4 $17 20. fxe4 Rc7) 20. a4 $11 Rc7 21. a5 Bc4 22. Bd3 (22. Qe1 $15) 22... b5 $17 23. Bxc4 Rxc4 (23... bxc4 24. Rcb1 $14) 24. a6 Rfc8 25. Rd1 Qb6 26. Kh1 $2 (26. Rab1 $17 {was called for.}) 26... Rxc3 $19 27. d5 Rc2 28. Qd3 Qf2 (28... exd5 $19 {...b4 is the strong threat.} 29. Qxd5 h6) 29. Rg1 $17 exd5 (29... R2c4 $17 {Threatens to win with ...Rd8.} 30. dxe6 fxe6) 30. Qxd5 ({White should play} 30. Qxb5 $15 Qc5 31. Qd7) 30... Qb6 $36 {[%emt 0:04:00][%mdl 2048] White is under strong pressure.} 31. Qb7 (31. Rge1 {keeps fighting.}) 31... Rb8 32. Qe4 Rc4 33. Qd5 Rc5 34. Qe4 (34. Qd7 $142) 34... b4 35. Rge1 g6 36. Qd4 (36. Rab1 $142 b3 (36... Qxa6 37. Rxb4 Rxb4 38. Qxb4 $17) 37. Qf4) 36... b3 37. Rab1 {[%emt 0:00:06][%cal Ob1b3] [#]} Rc1 $2 38. Qb2 (38. Qxb6 Rxe1+ 39. Qg1 Rxg1+ 40. Kxg1) 38... Rc2 39. Qe5 b2 40. h4 h5 41. Qf4 Rbc8 42. Re7 Qb3 (42... Qxa6 43. Qxf7+ Kh8 44. Qh7#) 43. Rb7 (43. Kh2 $142 Qa2 44. Qf6) 43... Qa2 44. Kh2 Rf8 (44... Qxb1 45. Qxf7+ Kh8 46. Qh7#) 45. Re1 {[%emt 0:00:51] [#]} Rxg2+ $3 46. Kh3 Rc2 47. Qf6 Rc1 $2 (47... b1=Q {mates} 48. Rbxb1 Rh2+ 49. Kg3 Qf2+ 50. Kf4 Rg2 (50... Qxh4+ $2 51. Qxh4 Rxh4+ 52. Kg3 $19) 51. Ke5 Re8+ 52. Kd6 Qg3+ (52... Rxe1 53. Rb8+) (52... Qxe1 $2 53. Rxe1 Rxe1 54. Qd8+ Kg7 55. Kc7 $19) 53. Kd7 Rxe1 54. Qg5 Qh3+ (54... Rxb1 55. Qxg3 Rxg3 56. Kd6 Rxf3 57. Kd5 f6 58. Kd4 Rc1 59. Ke4 Rfc3 60. Kf4 Rf1+ 61. Ke4 Rd1 62. Kf4 Rd4#) 55. Qg4 Rxg4 (55... hxg4 56. Rxe1 g3+ 57. Kc7 Rc2+ 58. Kd6 Rd2+ 59. Kc7 Qd7+ 60. Kb8 Qd8+ 61. Kb7 Qb6+ 62. Kc8 Rd8#) (55... Rd2+ 56. Kc7 Qh2+ 57. f4 Rc2+ 58. Kd8 Qd2+ 59. Qd7 Qa5+ 60. Rb6 Qxb6+ 61. Qc7 Qxc7#) 56. fxg4 Rxb1 (56... Qxg4+ 57. Kd6 Qd4+ 58. Kc6 Rxb1 59. Kc7 Qc4+ 60. Kd7 Rd1+ 61. Ke8 Qe6#) 57. Kd6 Qd3+ (57... Qxg4 58. Kd5 Rd1+ 59. Kc5 Qd4+ 60. Kb5 Rc1 61. Ka5 Rc5#) 58. Kc5 Rc1+ (58... Qxa6 59. g5 Qb5+ 60. Kd4 Rb3 61. Ke4 Qc5 62. Kf4 Qf5#) 59. Kb4 Rc4+ 60. Kb5 Qd5#) 48. Rxb2 Qa1 (48... Rxe1 $2 49. Rxa2 Re6 50. Qd4 $18) (48... Qxb2 $19 49. Qxb2 Rxe1) 49. Rxc1 $11 Qxc1 {[%emt 0:01:07][%mdl 4096] Endgame. KQR-KQR} 50. Rb7 {[%emt 0:00:17] Active counter play!} Qd1 51. Kg3 Qg1+ 52. Kf4 Qc1+ 53. Kg3 Qc8 54. Kf4 Qc5 55. Kg3 Qc8 56. Kf4 Qc4+ (56... Qc5 $11) 57. Kg5 $16 Kh7 {[%emt 0:00:06] aiming for ...Qc1+.} 58. Qxg6+ Kh8 59. Qf6+ (59. Qxh5+ Kg8 $11) 59... Kh7 60. Qh6+ ({Of course not} 60. Kxh5 $6 Qd5+ 61. Kg4 Rg8+ 62. Kf4 (62. Kh3 Rg7 $11) 62... Qd2+ 63. Ke4 Qe2+ 64. Kf4 Qc4+ 65. Kf5 Qc2+ 66. Kf4 Qd2+ 67. Ke4 Qe2+ 68. Kf4 Qd2+ $11) 60... Kg8 {[%emt 0:00:01] ( -> ...Qc5+)} 61. Kxh5 Rc8 $2 (61... Qc3 $14 62. Qg5+ (62. Rxa7 {leads to mate.} Qxf3+ 63. Kg5 f6+ 64. Kg6 Qe4+ 65. Kh5 Qf5+) 62... Kh8) 62. Qg5+ $18 (62. Rxa7 $2 {is the wrong capture.} Rc5+ $19) 62... Kf8 63. Rb5 $2 (63. Qf6 $18 Kg8 64. Rxa7 Qc5+ 65. Qg5+ Qxg5+ 66. hxg5) 63... Qd4 $2 (63... Qc6 $14) 64. Re5 $2 ({Better is} 64. Rd5 $18 Qb6 65. f4) 64... Rc6 $2 (64... Qd6 $14) 65. Qe7+ Kg8 66. Rg5+ Rg6 67. Qe8+ Kg7 68. Rxg6+ fxg6+ 69. Qxg6+ {[%emt 0:00:05] KQ-KQ} Kh8 70. Qe8+ Kg7 71. Qe7+ Kh8 72. Qb7 $2 (72. Qf8+ $18 Kh7 73. Qf5+ Kh8 74. f4) 72... Qc5+ $2 (72... Qe5+ $16 73. Kg6 Qe6+ 74. Kg5 Qe5+ 75. Kg4 Qe6+ 76. Kf4 Qf6+ 77. Ke3 Qe6+ 78. Kf2 Qa2+ 79. Kg3 Qg8+ 80. Kf4 Qf8+ 81. Ke5 Qe8+ 82. Kd4 Qf7) 73. Kg6 Qd6+ {[%emt 0:00:48] [#]} 74. Kf7 $2 (74. Kf5 $1 $18) 74... Qf4+ $2 (74... Qf8+ $1 $11 {and Black has nothing to worry.} 75. Kg6 Qd6+ 76. Kf5 Qd3+ 77. Kg5 Qd8+ 78. Kf5 Qf8+ 79. Ke4 Qe8+ 80. Kd4 Qf7) 75. Ke6 Qh6+ 76. Kd7 $2 (76. Ke5 $18 Qh5+ 77. Kd6 Qg6+ 78. Kc5 Qc2+ 79. Kd4 Qf2+ 80. Kd3) 76... Qg7+ $1 $11 77. Kc8 (77. Kd6 $5 Qf6+ $8 78. Kc5 Qc3+ 79. Kd6 Qf6+ 80. Kd5 Qxf3+ 81. Kd4 Qf4+ 82. Kd3 $11) 77... Qf8+ 78. Kc7 Qf4+ 79. Kd7 Qf7+ 80. Kd6 Qf6+ 81. Kc5 Qc3+ 82. Kd6 Qf6+ 83. Kd5 (83. Kc5 $5 Qc3+ $8 84. Kd6 Qf6+ $11) 83... Qxf3+ 84. Kd4 Qf4+ 85. Kc3 {[%emt 0:00:09] Qa8+ would kill now.} Qg3+ 86. Kb2 {[%emt 0:00:10] Black must now prevent Qa8+.} Qe5+ 87. Ka3 {[%emt 0:00:33][%cal Ob7b2] Hoping for Qb2!} Qa1+ 88. Kb4 Qd4+ 89. Kb3 Qd1+ 90. Kb2 Qd4+ 91. Kc2 {[%emt 0:00:43] White threatens Qb2 and mate.} Qf2+ 92. Kb3 Qf7+ 93. Ka3 Qf8+ 94. Qb4 Qf3+ 95. Qb3 Qf8+ 96. Ka2 Qc5 97. Qb2+ Kh7 98. Qf6 Qc4+ 99. Ka3 Qc5+ 100. Kb3 Qe3+ 101. Kc4 Qe2+ 102. Kc5 Qe3+ (102... Kg8 $11) 103. Kd5 $2 (103. Qd4 $18 Qe8 104. Qd3+ Kh8 105. Qd6) 103... Qd3+ {[%emt 0:00:19] The position is equal.} 104. Ke5 Qc3+ 105. Kf5 Qd3+ 106. Kg4 Qe2+ 107. Kg5 {[%emt 0:00:30] Threatening mate with Qf7+.} Qg2+ 108. Kf4 $1 Qf2+ 109. Ke5 Qe2+ 110. Kf5 {[%emt 0:00:24] White wants to mate with Qg6+.} Qd3+ 111. Kg5 {[%emt 0:00:23] Intending Qf5+ and mate.} Qe3+ 112. Kf5 {[%emt 0:00:50] What a bad dream for Black.   Weighted Error Value: White=0.64/Black=0.56.  Loses game:     	---       	Black=3      Missed win:     	White=3     	---        Mistake:       	White=7     	Black=5      Inaccurate:     	White=1     	Black=1      OK:         	White=21    	Black=28     Best:        	White=10    	Black=11     Strong:       	White=1     	Black=1} 1/2-1/2

[Event "98th Caplin Hastings Masters 2024-25"]
[Site "Hastings"]
[Date "2024.12.31"]
[Round "6.15"]
[White "Struck, Lasse"]
[Black "Lux, Hugo de Melo"]
[Result "0-1"]
[ECO "A62"]
[WhiteElo "1983"]
[BlackElo "2327"]
[Annotator "TA"]
[PlyCount "60"]
[EventDate "2024.12.23"]
[EventType "swiss"]
[EventCountry "ENG"]
[SourceTitle "playchess.com"]
[Source "ChessBase"]
[SourceQuality "1"]
[TimeControl "5400+30"]

1. d4 Nf6 2. c4 e6 3. g3 c5 4. d5 d6 5. Nc3 exd5 6. cxd5 g6 7. Bg2 Bg7 8. Nf3 O-O 9. O-O Re8 10. Bf4 Ne4 11. Nxe4 Rxe4 12. Nd2 Rxf4 13. gxf4 Bxb2 14. Rb1 {[%emt 0:02:24] The position is equal.} Bg7 15. Nc4 Na6 16. e4 Rb8 $1 {[%emt 0:00:13][%mdl 1024] Black has compensation.} 17. Qd2 (17. e5 $11 dxe5 18. fxe5) 17... b5 18. Na5 {[%emt 0:08:50] [#] Strongly threatening Nc6.} Bh6 $1 19. Nc6 ({White should play} 19. Rb3 Qh4 20. Rf3) 19... Qh4 $17 20. Qc3 {[%emt 0:01:26] Inhibits Bxf4.} (20. Nxb8 $2 Bxf4 $19) 20... Bxf4 21. h3 Rb7 22. Rfd1 ({White should try} 22. Rfe1) 22... Nb8 $40 {[%emt 0:22:02][%mdl 128] Black wants a kill.} 23. e5 b4 24. Qf3 Bf5 ({Stronger than} 24... Bxe5 25. Nxe5 dxe5 26. d6 $11) (24... dxe5 25. d6 Bf5 26. Nxe5 Bxe5 27. Qxb7 $11) 25. e6 (25. Rbc1 $142 Bxc1 26. Rxc1) 25... fxe6 $19 26. dxe6 {[%emt 0:00:28] [#]} Nxc6 ({Inferior is} 26... Bxe6 27. Nd8 Qxd8 (27... Re7 $2 28. Nxe6 Rxe6 29. Qd5 $18) 28. Qxb7 $14) 27. Qxc6 {[%emt 0:00:25] Threatens to win with Qc8+.} Re7 28. Rb3 Bxe6 {[%emt 0:06:34][%cal Og8g7] A strong pair of Bishops.} 29. Rf3 $2 (29. Bd5) 29... Bxa2 30. Rxd6 Re1+ {[%emt 0:04:15] Weighted Error Value: White=0.76/Black=0.05 (flawless) .  Mistake:       	White=5     	---        Inaccurate:     	White=2     	Black=1      OK:         	White=4     	Black=12     Best:        	---       	Black=3      Strong:       	---       	Black=2} 0-1

[Event "98th Caplin Hastings Masters 2024-25"]
[Site "Hastings"]
[Date "2024.12.31"]
[Round "6.16"]
[White "Boswell, Jacob Connor"]
[Black "Abrahams, Daniel"]
[Result "1/2-1/2"]
[ECO "D37"]
[WhiteElo "2277"]
[BlackElo "2072"]
[Annotator "TA"]
[PlyCount "40"]
[EventDate "2024.12.23"]
[EventType "swiss"]
[EventCountry "ENG"]
[SourceTitle "playchess.com"]
[Source "ChessBase"]
[SourceQuality "1"]
[TimeControl "5400+30"]

1. d4 Nf6 2. c4 e6 3. Nf3 d5 4. Nc3 Be7 5. Bf4 O-O 6. e3 Nbd7 7. c5 c6 8. b4 b6 9. h4 a5 10. a3 Ba6 11. Bxa6 Rxa6 12. Qe2 Qc8 {[%emt 0:02:09] aiming for ...axb4.} 13. O-O Qb7 14. Rfc1 axb4 15. axb4 Rfa8 16. Qf1 b5 17. Rxa6 Rxa6 18. Ra1 Bd8 19. Qb1 Ne8 20. Ra2 Bc7 1/2-1/2